 Dungeon Crawl Stone Soup version 0.31-a0-133-gaae73658be (webtiles) character file.

Game seed: 362197361173808475

43291 jasper the Nimble (level 13, -2/70 HPs)
             Began as a Spriggan Summoner on June 2, 2023.
             Was a High Priest of Sif Muna.
             Killed by divine providence
             ... invoked by an orc high priest
              (13 damage)
             ... on level 2 of the Orcish Mines.
             The game lasted 01:03:54 (23203 turns).

jasper the Nimble (Spriggan Summoner)              Turns: 23203, Time: 01:03:55

Health: -2/70      AC:  7    Str:  4    XL:     13   Next: 90%
Magic:  9/23       EV: 40    Int: 21    God:    Sif Muna [*****.]
Gold:   390        SH:  5    Dex: 16    Spells: 1/24 levels left

rFire   . . .        s - +3 sling (flame)
rCold   . . .        E - +0 buckler
rNeg    + . .        k - +2 animal skin
rPois   +            h - +0 hat
rElec   .            R - +2 cloak {rPois}
rCorr   .            (gloves unavailable)
SInv    +            (boots unavailable)
Will    ++...        c - amulet of the acrobat
Stlth   ++           A - ring of positive energy
HPRegen 0.31/turn    B - ring of flight
MPRegen 0.18/turn

%: acrobat
@: acrobatic, flying, very quick
A: very small, no large weapons, unfitting armour, see invisible, speed 3
a: Renounce Religion, Channel Magic, Forget Spell, Divine Exegesis


You were on level 2 of the Orcish Mines.
You worshipped Sif Muna.
Sif Muna was extremely pleased with you.
You visited 3 branches of the dungeon, and saw 18 of its levels.
You also visited: Bailey.

You collected 1313 gold pieces.
You spent 923 gold pieces at shops.

Inventory:

Hand Weapons
 s - a +3 sling of flaming (weapon)
 u - a +4 trident
 F - a +1 dagger of electrocution
Missiles
 y - 3 throwing nets
Armour
 h - a +0 hat (worn)
 k - a +2 animal skin (worn)
 v - a scarf of invisibility
 E - a +0 buckler (worn)
 P - a +0 robe of fire resistance
 R - a +2 cloak of poison resistance (worn)
Magical Staves
 n - a staff of earth
 C - a staff of fire
Jewellery
 c - an amulet of the acrobat (around neck)
 e - a ring of magical power
 A - a ring of positive energy (left hand)
 B - a ring of flight (right hand)
 I - the ring "Tiseggam" {Fire Drain rN+ Dex+3}
   (You found it on level 5 of the Dungeon)

   [ring of fire]

   It enhances your fire magic.
   Dex:       It affects your dexterity (+3).
   rF:        It protects you from fire.
   rC:        It makes you vulnerable to cold.
   rN:        It protects you from negative energy.
   Drain:     It drains your maximum health when unequipped.
Wands
 r - a wand of polymorph (3)
 x - a wand of iceblast (2)
 W - a wand of mindburst (15)
 X - a wand of flame (15)
 Y - a wand of acid (9)
Scrolls
 a - 3 scrolls of amnesia
 l - 3 scrolls of fog
 m - a scroll of immolation
 w - a scroll of fear
 H - 3 scrolls of vulnerability
 L - a scroll of magic mapping
 M - 2 scrolls of silence
 N - 5 scrolls of teleportation
 O - a scroll of blinking
 T - a scroll of poison
 U - 4 scrolls of identify
 Z - 2 scrolls of enchant armour
Potions
 b - 4 potions of magic
 d - a potion of enlightenment
 f - 4 potions of ambrosia
 g - 2 potions of heal wounds
 i - 2 potions of might
 j - 3 potions of cancellation
 o - 6 potions of curing
 p - 3 potions of attraction
 q - a potion of berserk rage
 t - 3 potions of resistance
 z - 7 potions of lignification
 D - a potion of invisibility
 G - 5 potions of mutation
 J - 2 potions of haste
 K - 2 potions of brilliance
Miscellaneous
 V - a phantom mirror


   Skills:
 - Level 9.0 Fighting
 - Level 14.0 Dodging
 - Level 3.0 Stealth
 - Level 5.1 Shields
 - Level 6.2 Spellcasting
 - Level 5.0 Hexes
 * Level 11.8 Summonings
 * Level 8.0 Translocations
 - Level 5.0 Air Magic
 - Level 7.0 Invocations


You had one spell level left.
You knew the following spells:

 Your Spells              Type           Power      Damage    Failure   Level
a - Summon Guardian Gole  Hex/Summ       42%        N/A       1%          3
b - Call Imp              Summ           100%       N/A       1%          2
c - Call Canine Familiar  Summ           54%        N/A       1%          3
d - Summon Lightning Spi  Summ/Air       42%        N/A       5%          4
e - Passwall              Tmut/Erth      5%         N/A       26%         2
f - Blink                 Tloc           80%        N/A       1%          2
g - Malign Gateway        Summ/Tloc      24%        N/A       94%         7

Your spell library contained the following spells:

 Spells                   Type           Power      Damage    Failure   Level
 Apportation              Tloc           80%        N/A       1%          1
 Summon Small Mammal      Summ           100%       N/A       1%          1
 Freeze                   Ice            24%        1d4       17%         1
 Kiss of Death            Conj/Necr      24%        2d7       17%         1
 Sting                    Tmut/Pois      24%        1d4       17%         1
 Lesser Beckoning         Tloc           80%        N/A       1%          2
 Gell's Gravitas          Tloc           40%        N/A       1%          3
 Teleport Other           Tloc           40%        N/A       1%          3
 Portal Projectile        Hex/Tloc       66%        N/A       3%          3
 Manifold Assault         Tloc           40%        N/A       6%          4
 Passage of Golubria      Tloc           40%        N/A       6%          4
 Swiftness                Air            27%        N/A       7%          3
 Ensorcelled Hibernation  Hex/Ice        34%        N/A       10%         2
 Poisonous Vapours        Pois/Air       34%        N/A       10%         2
 Static Discharge         Conj/Air       34%        2-4/arc   10%         2
 Inner Flame              Hex/Fire       17%        N/A       19%         3
 Airstrike                Air            13%        2d(2-18)  22%         4
 Sublimation of Blood     Necr           6%         N/A       26%         2
 Iskenderun's Mystic Bla  Conj/Tloc      23%        2d6       32%         4
 Dispersal                Tloc           20%        N/A       69%         6
 Flame Wave               Conj/Fire      6%         2d5       86%         4
 Olgreb's Toxic Radiance  Pois           6%         N/A       86%         4
 Sticky Flame             Conj/Fire      6%         2d3       86%         4
 Alistair's Intoxication  Tmut/Pois      4%         N/A       99%         5
 Fireball                 Conj/Fire      3%         3d4       99%         5
 Conjure Ball Lightning   Conj/Air       8%         3x3d6     100%        6
 Disjunction              Tloc           20%        N/A       100%        8
 Polar Vortex             Ice            3%         N/A       100%        9


Dungeon Overview and Level Annotations

Branches:
Dungeon (11/15)            Temple (0/1) D:5            Lair (5/5) D:9
  Swamp (0/4) Lair:3       Spider (0/4) Lair:3        Slime (0/5) Lair:4
    Orc (2/2) D:11         Bailey (visited)
    Elf: Orc:2

Altars:
Fedhas
Hepliaklqana
Makhleb
Ru
Sif Muna
Vehumet
Zin
Jiyva

Shops:
D:1 (   D:3 *   D:4 [   D:8 [=:**   Orc:1 ?*=*

Portals:
Abyss: Orc:1

Annotations:
D:1 1 transporter
D:8 1 runed translucent door, pokeman's ghost, novice DEHW
Lair:3 3 runed translucent doors, Mant's ghost, journeyman OpBr
Orc:1 2 transporters, Fuihifyi's ghost, journeyman DsCK


Innate Abilities, Weirdness & Mutations

You are very small and have problems with some larger weapons.
You are too small for most types of armour.
You have supernaturally acute eyesight. (SInv)
You cover ground extremely quickly. (Speed+++)


Message History

The bolt of electricity hits the orc priest!
The orc priest dies!
Sif Muna accepts your kill.
Your warg misses the sun demon. The sun demon hits your warg.
Your warg is engulfed in flames!
Fire: s) +3 sling (flame)
Press: ? - help, Q - select action, (/) - cycle Shift-Dir - straight line, f - ynoxinul
Aim: a ynoxinul (summoned, ally target, 65% to hit)
You shoot a sling bullet. The sling bullet hits the ynoxinul.
The sling bullet burns the ynoxinul.
The ynoxinul is moderately wounded.
Your warg misses the sun demon.
Your warg writhes in agony.
The sun demon hits your warg!
Your warg is engulfed in flames!
You block the ynoxinul's attack.
Your warg bites the sun demon.
Fire: s) +3 sling (flame)
Press: ? - help, Q - select action, (/) - cycle Shift-Dir - straight line, f/p - ynoxinul
Aim: a ynoxinul (moderately wounded, summoned, ally target, 65% to hit)
You shoot a sling bullet. The sling bullet hits the ynoxinul.
The sling bullet burns the ynoxinul.
The ynoxinul is heavily wounded.
The sun demon hits your warg!
Your warg is engulfed in flames!
Your warg dies!
Your warg's corpse disappears in a puff of smoke!
An orc warrior comes into view. It is wielding a +0 scimitar.
Your guardian golem overheats!
The ynoxinul completely misses you.
Fire: s) +3 sling (flame)
Press: ? - help, Q - select action, (/) - cycle Shift-Dir - straight line, f/p - ynoxinul
Aim: a ynoxinul (moderately wounded, summoned, ally target, 65% to hit)
You shoot a sling bullet.
The sling bullet barely misses the ynoxinul.
The ynoxinul gestures.
An orc high priest comes into view. It is wielding a +0 scimitar.
The ynoxinul gestures at you. The entropic shot hits you!!
* * * LOW HITPOINT WARNING * * *
You take 24 damage, and have 11/70 hp.
MASSIVE DAMAGE!!
The orc high priest invokes the aid of Beogh against something.
Beogh smites you!
You die...

'###.###'#####.##... .....
.......#.......##...##.o...
.##'##.#....#####... .....#
.#...#.#h...#..##..##o)...#
)#.[.#......'..#.).#.))...#
)#####.####.#..#...53....#
....)..#..#.####...)....##
##.....#.)).####5839.8...8.
.#..⌠).#..#....'@..).......
.#.....####.####.8.8.8...8.
.#..........####........##.
##.#####.####..#......)).#
...#...#.h..)..#.).#......#
##.#...#....#..##..##...).#
#.##'##....#####... .....
##..)...)......##...# ...
.###.###'#####.# ....


You could see an orc high priest, a sun demon (summoned, ally target), a
ynoxinul (summoned, ally target), an orc warrior, 2 ufetubi, a friendly guardian
golem (summoned, inner flame) and a friendly lightning spire (summoned,
sheltered).

Vanquished Creatures
  Erica (Orc:1)
  A two-headed ogre (D:10)
  Joseph (D:8)
  2 komodo dragons
  2 trolls
  Grinder (D:6)
  2 blink frogs (Lair:3)
  A dream sheep (Lair:4)
  2 wyverns
  A wraith (D:10)
  A basilisk (Lair:2)
  2 yaks
  2 vampire mosquitoes (D:11)
  Menkaure (D:4)
  4 water moccasins
  An ice beast (D:6)
  12 orc warriors
  A sky beast (D:6)
  4 ogres
  2 wolves (Lair:4)
  A centaur (D:9)
  A phantom (D:7)
  3 kobold brigands
  4 bullfrogs
  2 scorpions (D:4)
  A jelly (D:7)
  3 hounds
  6 orc priests
  Crazy Yiuf (D:2)
  2 iguanas (D:6)
  4 orc wizards
  Natasha (D:3)
  2 adders
  6 gnolls
  3 shadow imps
  2 white imps
  2 dart slugs
  39 orcs
  2 bats (D:1)
  3 endoplasms
  3 giant cockroaches
  19 goblins
  11 hobgoblins
  8 jackals
  21 kobolds
  A quokka (D:5)
  8 ball pythons
  2 frilled lizards (D:2)
  11 rats
216 creatures vanquished.

Vanquished Creatures (collateral kills)
  Josephine (D:11)
  An ettin (Orc:2)
  A hydra (Lair:2)
  2 death yaks (Lair:4)
  2 orc high priests
  2 skysharks
  A bog body (Lair:3)
  A lindwurm (Lair:3)
  An orc sorcerer (Orc:2)
  2 orc knights (Orc:2)
  A cyclops (D:11)
  6 cane toads
  3 komodo dragons (Lair:1)
  3 polar bears
  3 hornets (Lair:1)
  4 dream sheep (Lair:4)
  14 blink frogs
  A shadow (D:9)
  2 wyverns
  A wraith (D:10)
  2 vampires (D:11)
  21 yaks
  2 basilisks (Lair:4)
  A steam dragon (D:8)
  2 redbacks (Lair:3)
  2 wargs (Orc:2)
  2 vampire mosquitoes (D:11)
  Edmund (D:4)
  5 water moccasins
  An acid dragon (D:11)
  A nameless horror (D:6)
  12 ogres
  17 orc warriors
  4 black bears
  4 wolves (Lair:4)
  A centaur (D:11)
  3 kobold brigands
  7 bullfrogs
  5 scorpions
  A jelly (D:3)
  14 orc priests
  3 hounds
  9 iguanas
  Ijyb (D:2)
  10 orc wizards
  Robin (D:2)
  9 gnolls
  2 adders
  A river rat (Lair:2)
  A worm (D:3)
  72 orcs
  A giant cockroach (D:3)
  6 hobgoblins
  A jackal (D:3)
  A quokka (D:1)
  2 ball pythons
  2 bats
  2 frilled lizards (D:1)
  9 goblins
  12 kobolds
  2 rats (D:1)
307 creatures vanquished.

Vanquished Creatures (others)
  A hydra (Lair:3)
  3 two-headed ogres
  A death yak (Lair:4)
  A bog body (Lair:3)
  Maggie (D:8)
  A cane toad (Lair:2)
  3 komodo dragons
  2 hornets (Lair:1)
  6 wraiths
  10 yaks
  A steam dragon (D:7)
  A warg (Orc:2)
  An acid dragon (D:11)
  11 orc warriors
  A gnoll sergeant (D:7)
  3 bullfrogs
  An orc wizard (D:9)
  3 gnolls
  An orc (D:11)
  3 goblins (Bailey)
  7 hobgoblins (Bailey)
  2 kobolds
64 creatures vanquished.

Grand Total: 587 creatures vanquished

Notes
Turn   | Place    | Note
-------+----------+-------------------------------------------
     0 | D:1      | jasper the Spriggan Summoner began the quest for the Orb.
     0 | D:1      | Reached XP level 1. HP: 9/9 MP: 5/5
   185 | D:1      | Reached XP level 2. HP: 13/13 MP: 6/6
   188 | D:1      | Learned a level 2 spell: Call Imp
   284 | D:1      | Found Otyric's Weapon Emporium.
   917 | D:1      | Reached XP level 3. HP: 15/16 MP: 5/8
   921 | D:1      | Learned a level 3 spell: Call Canine Familiar
  1212 | D:2      | Found a runed translucent door.
  1213 | D:2      | Noticed Crazy Yiuf
  1370 | D:2      | Noticed Robin
  1487 | D:2      | Killed Robin
  1524 | D:2      | Reached XP level 4. HP: 21/21 MP: 9/9
  1528 | D:2      | Learned a level 3 spell: Summon Guardian Golem
  1743 | D:2      | Noticed Ijyb
  1778 | D:2      | Killed Ijyb
  1779 | D:2      | Reached skill level 5 in Summonings
  2065 | D:2      | Killed Crazy Yiuf
  2189 | D:3      | Found Ruysih's General Store.
  2241 | D:3      | Reached XP level 5. HP: 24/24 MP: 4/10
  2811 | D:3      | Found a faded altar of an unknown god.
  2890 | D:3      | Reached XP level 6. HP: 28/28 MP: 2/11
  3047 | D:3      | Reached skill level 3 in Dodging
  3140 | D:3      | Noticed Natasha
  3142 | D:3      | Killed Natasha
  3143 | D:3      | Reached skill level 1 in Hexes
  3167 | D:3      | Found a shimmering blue altar of Sif Muna.
  3170 | D:3      | Found a burning altar of Makhleb.
  3172 | D:3      | Found a radiant altar of Vehumet.
  3179 | D:3      | Became a worshipper of Sif Muna the Loreminder
  3255 | D:3      | Identified the +3 chain mail "Bampept" {rC+++ MP+9 Int+2
                  | Dex-4}
  3708 | D:4      | Reached skill level 1 in Fighting
  3801 | D:4      | Found Elaosseh's Antique Armour Emporium.
  3908 | D:4      | Noticed Menkaure
  3920 | D:4      | Reached skill level 4 in Dodging
  3942 | D:4      | Found a hazy altar of Hepliaklqana.
  3978 | D:4      | Reached XP level 7. HP: 25/34 MP: 6/12
  4332 | D:4      | Noticed Edmund
  4334 | D:4      | Reached skill level 5 in Dodging
  4359 | D:4      | Killed Edmund
  4798 | D:4      | Reached XP level 8. HP: 40/40 MP: 9/13
  4903 | D:4      | Killed Menkaure
  4904 | D:4      | Reached skill level 6 in Dodging
  5196 | D:5      | Entered Level 5 of the Dungeon
  5201 | D:5      | Reached * piety under Sif Muna
  5228 | D:5      | Reached skill level 5 in Hexes
  5378 | D:5      | Found a staircase to the Ecumenical Temple.
  5474 | D:5      | Found a blossoming altar of Fedhas.
  5499 | D:5      | Reached skill level 7 in Dodging
  5742 | D:5      | Identified the ring "Tiseggam" {Fire Drain rN+ Dex+3}
  5834 | D:5      | Found a glowing silver altar of Zin.
  5860 | D:5      | Found a sacrificial altar of Ru.
  6009 | D:6      | Reached skill level 8 in Dodging
  6037 | D:6      | Noticed Grinder
  6059 | D:6      | Paralysed by Grinder for 4 turns
  6075 | D:6      | Killed Grinder
  6076 | D:6      | Reached skill level 5 in Fighting
  6426 | D:6      | Reached XP level 9. HP: 47/47 MP: 10/14
  6431 | D:6      | Learned a level 4 spell: Summon Lightning Spire
  6434 | D:6      | Learned a level 2 spell: Passwall
  6483 | D:6      | Reached skill level 9 in Dodging
  7315 | D:7      | Reached skill level 10 in Dodging
  7426 | D:7      | Reached ** piety under Sif Muna
  7803 | D:7      | Reached skill level 1 in Air Magic
  8045 | D:8      | Found Govvacso's Book Shoppe.
  8375 | D:8      | Found Acubelut's Assorted Antiques.
  8382 | D:8      | Bought a scroll of teleportation for 81 gold pieces
  8382 | D:8      | Bought a potion of curing for 81 gold pieces
  8388 | D:8      | Noticed Joseph
  8390 | D:8      | Noticed Maggie
  8441 | D:8      | Killed Joseph
  8594 | D:9      | Reached XP level 10. HP: 49/53 MP: 11/15
  8617 | D:9      | Found a flagged portal.
  8643 | Bailey   | Entered a bailey
  8720 | Bailey   | Reached *** piety under Sif Muna
  8838 | Bailey   | Reached skill level 1 in Shields
  9021 | Bailey   | Noticed an orc warlord
  9101 | Bailey   | Reached skill level 5 in Air Magic
  9133 | Bailey   | Noticed an orc knight
  9507 | D:9      | Reached **** piety under Sif Muna
  9707 | D:9      | Found a staircase to the Lair.
 10436 | D:9      | Noticed a two-headed ogre
 10450 | D:9      | Killed a two-headed ogre
 10621 | D:10     | Entered Level 10 of the Dungeon
 10792 | D:10     | Reached XP level 11. HP: 58/58 MP: 7/16
 10999 | D:10     | Noticed a two-headed ogre
 11002 | D:10     | Noticed a two-headed ogre
 11021 | D:10     | Killed a two-headed ogre
 11050 | D:10     | Killed a two-headed ogre
 11051 | D:10     | Reached skill level 5 in Shields
 11851 | D:11     | Noticed Josephine
 12148 | D:11     | Killed Josephine
 12871 | D:11     | Reached ***** piety under Sif Muna
 12876 | D:11     | Reached skill level 10 in Summonings
 12886 | D:11     | Received a gift from Sif Muna
 12887 | D:11     | Got Sif Muna's Spellbook of Conjured Interference {god
                  | gift}
 12971 | D:11     | Found a staircase to the Orcish Mines.
 13086 | D:11     | Reached skill level 1 in Invocations
 13299 | D:8      | Found Butest's Jewellery Shop.
 13322 | D:8      | Found Taidit's Neck Hole.
 13327 | D:8      | Bought a +2 cloak of poison resistance for 259 gold pieces
 13370 | D:8      | Killed Maggie
 13468 | D:8      | Noticed a two-headed ogre
 13479 | D:8      | Killed a two-headed ogre
 13588 | D:8      | Noticed pokeman's ghost (novice DEHW)
 13599 | D:8      | Found a runed translucent door.
 13860 | D:8      | Found Huol's Armour Shop.
 14059 | Lair:1   | Entered Level 1 of the Lair of Beasts
 14059 | Lair:1   | You are sucked into a shaft and drop 1 floor!
 14076 | Lair:2   | Noticed a seven-headed hydra
 14096 | Lair:2   | Killed a seven-headed hydra
 14097 | Lair:2   | Reached skill level 5 in Invocations
 14464 | Lair:2   | Reached XP level 12. HP: 62/62 MP: 10/17
 15039 | Lair:2   | Reached skill level 11 in Dodging
 15248 | Lair:3   | Noticed a six-headed hydra
 15263 | Lair:3   | Killed a six-headed hydra
 15840 | Lair:3   | Reached skill level 12 in Dodging
 16393 | Lair:3   | Found a runed translucent gate.
 16394 | Lair:3   | Found a runed translucent gate.
 16394 | Lair:3   | Noticed Mant's ghost (journeyman OpBr)
 16394 | Lair:3   | Noticed a 13-headed hydra
 16395 | Lair:3   | Found a runed translucent gate.
 16395 | Lair:3   | Noticed a 12-headed hydra
 16424 | Lair:3   | Found a hole to the Spider Nest.
 16600 | Lair:3   | Found a staircase to the Swamp.
 17275 | Lair:4   | Received a gift from Sif Muna
 17276 | Lair:4   | Got Sif Muna's Vademecum on Disjunct Evil {god gift}
 17280 | Lair:4   | Learned a level 2 spell: Blink
 17423 | Lair:4   | Found a viscous altar of Jiyva.
 17423 | Lair:4   | Found a staircase to the Slime Pits.
 17731 | Lair:4   | Reached skill level 13 in Dodging
 17834 | Lair:4   | Reached XP level 13. HP: 68/68 MP: 13/20
 18092 | Lair:4   | Reached skill level 5 in Spellcasting
 18592 | Lair:5   | Entered Level 5 of the Lair of Beasts
 18798 | Lair:1   | Learned a level 7 spell: Malign Gateway
 18926 | Lair:1   | Reached skill level 1 in Translocations
 20325 | Orc:1    | Entered Level 1 of the Orcish Mines
 20349 | Orc:1    | Found Giogu's Jewellery Shoppe.
 20431 | Orc:1    | Found a one-way gate to the infinite horrors of the Abyss.
 20431 | Orc:1    | Noticed Fuihifyi's ghost (journeyman DsCK)
 20442 | Orc:1    | Noticed Erica
 20470 | Orc:1    | Killed Erica
 20471 | Orc:1    | Reached skill level 5 in Translocations
 20530 | Orc:1    | Noticed an orc warlord
 20622 | Orc:1    | Found a transporter.
 20627 | Orc:1    | Noticed a brown very ugly thing
 20638 | Orc:1    | Found a transporter.
 20703 | Orc:1    | Found Qoeskur's General Store.
 20703 | Orc:1    | Found Byf Gyno's Assorted Antiques.
 20727 | Orc:1    | Bought a scroll of teleportation for 39 gold pieces
 20727 | Orc:1    | Bought a potion of resistance for 130 gold pieces
 20737 | Orc:1    | Bought a dented steel amulet for 190 gold pieces
 20950 | Orc:1    | Found Pabuhuf's Magic Scroll Boutique.
 20959 | Orc:1    | Bought a scroll of fear for 52 gold pieces
 20959 | Orc:1    | Bought a scroll of fog for 52 gold pieces
 20959 | Orc:1    | Bought a scroll of teleportation for 39 gold pieces
 21376 | Orc:2    | Entered Level 2 of the Orcish Mines
 21389 | Orc:2    | Received a gift from Sif Muna
 21409 | Orc:2    | Got Sif Muna's Thoughts on the Spatial Icicle {god gift}
 21832 | Orc:2    | Noticed an ettin
 21852 | Orc:2    | Killed an ettin
 21853 | Orc:2    | Reached skill level 14 in Dodging
 23203 | Orc:2    | Killed from afar by an orc high priest

Illustrated notes

Levels and vault maps discovered:
D:1:      spicycebolla_arrival_risky_transporter, layout_loops_ring,
          serial_shops, nicolae_shop_scrapyard, minmay_misc_feat_secret_circle,
          amcnicky_mini_pool_small, minmay_misc_feat_chi,
          hangedman_decor_diamond_cutter, minmay_tromino_v4_c
D:2:      kennysheep_the_goblin_king, layout_basic, uniq_robin,
          uniq_crazy_yiuf_cottage
D:3:      minmay_chambers_of_twos, layout_loops_corners,
          grunt_temple_overflow_open, ebering_ecumenical_altar_petrified,
          serial_shops, nicolae_shop_hallway_stairs, chequers_big_river,
          cheibrodos_gnoll_hut, uniq_natasha
D:4:      layout_layer_cave, mainiacjoe_overflow_paths, serial_shops,
          nicolae_square_shop, uniq_menkaure, uniq_edmund
D:5:      layout_rooms, general_overflow_altar, mainiacjoe_overflow_swirl,
          temple_statues, minmay_misc_feat_iff
D:6:      layout_gridville, uniq_grinder
D:7:      layout_cave_pools
D:8:      layout_basic, serial_shops, nicolae_shop_peninsula,
          nicolae_shop_statue_plus, nicolae_diamond_shop,
          nicolae_shop_rolling_square, hellmonk_ghost_big_iron,
          nicolae_shop_sticking_my_neck_out, uniq_joseph, uniq_maggie
D:9:      layout_stronghold, due_lair_maze_entry_diamond, enter_bailey_4
D:10:     layout_irregular_city
D:11:     layout_roguey, hiddenorc2_lemuel, uniq_josephine
Lair:1:   beast_lair_carwin_large_3, layout_cave_pods, dreamdust_wasp_nest,
          infiniplex_staircase_pool, lemuel_fruit_tree
Lair:2:   layout_long_grid, pond
Lair:3:   layout_cave_pods, skrybe_swamp_entry_bodies, spider_nest_entry_webs,
          gammafunk_ghost_hydra_chop
Lair:4:   layout_loops_ring, slime_entry_1
Lair:5:   wormcave, layout_gridlike, guppyfry_lair_end_dragon,
          minmay_lair_oklob_bushes, chequers_serial_rivers_micro_b,
          fungi_pond_lemuel, serial_bayou_shore_a
Orc:1:    nicolae_orc_accident_1, layout_caves, serial_shops, shop, shop,
          nicolae_shop_just_a_little_nook, shop, gammafunk_ghost_abyssal_escape,
          uniq_erica
Orc:2:    pubby_orc_utopia

Skill      XL: |  1  2  3  4  5  6  7  8  9 10 11 12 13 |
---------------+----------------------------------------+-----
Summonings     | 4 5 6 7 10 11 | 11.8
Dodging        | 4 5 8 10 13 14 | 14.0
Spellcasting   | 3 4 6 |  6.2
Hexes          | 2 4 5 |  5.0
Fighting       | 1 3 5 6 8 9 |  9.0
Air Magic      | 3 5 |  5.0
Shields        | 4 5 |  5.1
Invocations    | 5 7 |  7.0
Translocations | 8 |  8.0
Stealth        | |  3.0

Action                     |  1- 3 |  4- 6 |  7- 9 | 10-12 | 13-15 || total
---------------------------+-------+-------+-------+-------+-------++-------
  Melee: Unarmed           |     2 |       |       |       |       ||     2
   Fire: Sling             |   146 |    98 |   335 |   428 |   233 ||  1240
   Cast: Summon Small Mamm |     7 |       |       |       |       ||     7
         Call Imp          |     9 |     7 |     6 |       |       ||    22
         Call Canine Famil |     3 |    14 |    41 |   101 |    55 ||   214
         Summon Guardian G |       |       |    13 |    50 |    26 ||    89
         Summon Lightning  |       |       |     2 |    27 |    48 ||    77
 Invoke: Channel Magic     |       |       |       |       |     1 ||     1
  Evoke: Wand              |       |       |     3 |    13 |     1 ||    17
    Use: Scroll            |     6 |     6 |     8 |     8 |     1 ||    29
         Potion            |       |       |     1 |       |     2 ||     3
 Armour: Robe              |    18 |       |       |       |       ||    18
         Animal skin       |       |     4 |    25 |    23 |    14 ||    66
  Dodge: Dodged            |    97 |    39 |   204 |   305 |   229 ||   874
  Block: Buckler           |       |       |       |    73 |    63 ||   136

Table legend: (Time is in decaauts)
 A = Elapsed time spent in this place.
 B = Non-inter-level travel time spent in this place.
 C = Inter-level travel time spent in this place.
 D = Time resting spent in this place.
 E = Time spent auto-exploring this place.
 F = Levels seen in this place.
 G = Mean time per level.
                   A        B        C        D        E       F      G
               +--------+--------+--------+--------+--------+-----+--------+
         Total |  18773 |  18351 |    422 |   1110 |  12835 |  19 |  988.1 |
       Dungeon |  10640 |  10342 |    298 |    687 |   7115 |  11 |  967.3 |
          Lair |   5127 |   5023 |    104 |    203 |   3854 |   5 | 1025.4 |
  Orcish Mines |   2458 |   2439 |     19 |    146 |   1716 |   2 | 1229.0 |
        Bailey |    547 |    547 |      0 |     73 |    149 |   1 |  547.0 |
               +--------+--------+--------+--------+--------+-----+--------+

Top non-repeatable levels by time:
   Orc:2: 1664 daAuts
  Lair:3: 1560 daAuts
     D:9: 1255 daAuts
  Lair:1: 1247 daAuts
    D:11: 1208 daAuts
  Lair:2: 1184 daAuts
  Lair:4: 1133 daAuts
     D:4: 1122 daAuts
     D:3: 1089 daAuts
     D:8: 1032 daAuts
     D:6: 1011 daAuts
    D:10: 969 daAuts
     D:2: 939 daAuts
   Orc:1: 793 daAuts
     D:7: 743 daAuts
